 Dungeon Crawl Stone Soup version 0.29.1-1-gd02db6906a (webtiles) character file.

Game seed: 6213276267928153696

23 lonewolfV2 the Trooper (level 2, -1/24 HPs)
             Began as a Demonspawn Fighter on Oct 14, 2022.
             Slain by an adder (3 damage)
             ... on level 2 of the Dungeon.
             The game lasted 00:02:14 (1053 turns).

lonewolfV2 the Trooper (Demonspawn Fighter)         Turns: 1053, Time: 00:02:15

Health: -1/24      AC:  6    Str: 16    XL:     2   Next: 75%
Magic:  2/2        EV:  8    Int:  9    God:
Gold:   654        SH:  4    Dex: 12    Spells: 1/1 levels left

rFire   x . .      SeeInvis +   a - +0 war axe
rCold   + . .      Faith    .   c - +0 buckler
rNeg    . . .      Spirit   .   b - +0 scale mail
rPois   .          Reflect  .   (no helmet)
rElec   .          Harm     .   (no cloak)
rCorr   .          Rampage  .   (no gloves)
Will    +....                   (no boots)
Stlth   ..........              j - amulet of magic regeneration
HPRegen 0.08/turn               i - ring of ice
MPRegen 0.48/turn               (no ring)

@: lethally poisoned (-1 -> -4)
A: demonic guardian 1, see invisible, strong-willed 1, evolution 1
a: no special abilities


You were on level 2 of the Dungeon.
You visited 1 branch of the dungeon, and saw 2 of its levels.

You collected 654 gold pieces.

Inventory:

Hand Weapons
 a - a +0 war axe (weapon)
Armour
 b - a +0 scale mail (worn)
 c - a +0 buckler (worn)
Jewellery
 i - a ring of ice (left hand)
 j - an amulet of magic regeneration (around neck)
Scrolls
 e - a scroll of identify
 f - a scroll of teleportation
Potions
 d - a potion of might


   Skills:
 + Level 3.2 Fighting
 + Level 2.1 Axes
 + Level 3.1 Armour
 + Level 0.1 Dodging
 + Level 0.2 Stealth
 + Level 2.8 Shields


You had one spell level left.
You didn't know any spells.
Your spell library contained the following spells:

 Spells                   Type           Power      Damage    Failure   Level
 Ensorcelled Hibernation  Hex/Ice        0%         N/A       96%         2
 Passwall                 Tmut/Erth      0%         N/A       96%         2
 Swiftness                Air            0%         N/A       99%         3


Dungeon Overview and Level Annotations

Branches:
Dungeon (2/15)

Altars:


Innate Abilities, Weirdness & Mutations

A weak demonic guardian rushes to your aid.
You have supernaturally acute eyesight. (SInv)
You are strong-willed. (Will+)
You have hidden genetic potential.


Message History

You hit the adder.
The adder is lightly wounded.
You hit the jackal.
You kill the jackal!
You barely miss the adder.
You feel sick. The adder barely misses you. You block the adder's attack.
The adder bites you but does no damage.
You miss the adder.
The adder is lightly wounded.
You miss the adder.
You feel sick. The adder bites you but does no damage.
The adder barely misses you.
The adder bites you but does no damage. x2
You closely miss the adder.
The adder is lightly wounded.
You hit the adder.
You feel sick.
You are no longer poisoned.
The adder bites you but does no damage. The adder bites you.
You are poisoned.
The adder poisons you! You block the adder's attack.
The adder bites you but does no damage.
You barely miss the adder.
The adder is lightly wounded.
You barely miss the adder.
You feel sick. The adder bites you.
You are more poisoned.
The adder poisons you!
The adder bites you but does no damage. x3
You completely miss the adder.
The adder is lightly wounded.
You closely miss the adder.
* * * LOW HITPOINT WARNING * * *
You feel sick. The adder bites you.
* * * LOW HITPOINT WARNING * * *
A demonic guardian appears!
The adder barely misses you. The adder closely misses you.
Okay, then.
Really quaff the potion of mutation?
You feel extremely strange.
You feel strong-willed.
Your vision sharpens.
You feel a hidden potential growing inside you.
* * * LOW HITPOINT WARNING * * *
You feel sick. The adder barely misses you.
The adder bites you but does no damage. The adder bites you.
You die...

... ...#####
......# .....###
#....> #....#
####....#######.
#.....S@†.......
...##.##S#####...
.. .5...
............
...............
............... ?
#............
#.$..........


You could see 2 adders and a friendly iron imp (summoned).

Vanquished Creatures
  2 dart slugs (D:1)
  2 endoplasms
  A hobgoblin (D:1)
  4 jackals (D:2)
  2 ball pythons (D:1)
  A bat (D:1)
  2 kobolds (D:1)
  5 rats (D:1)
19 creatures vanquished.

Notes
Turn   | Place    | Note
-------+----------+-------------------------------------------
     0 | D:1      | lonewolfV2 the Demonspawn Fighter began the quest for the
                  | Orb.
     0 | D:1      | Reached XP level 1. HP: 18/18 MP: 1/1
   348 | D:1      | Gained mutation: A weak demonic guardian rushes to your
                  | aid. [demonic ancestry]
   348 | D:1      | Reached XP level 2. HP: 18/24 MP: 2/2
   527 | D:1      | Identified a scroll of acquirement
   527 | D:1      | Acquired 576 gold pieces
  1053 | D:2      | Gained mutation: You are strong-willed. (Will+) [potion of
                  | mutation]
  1053 | D:2      | Gained mutation: You have supernaturally acute eyesight.
                  | (SInv) [potion of mutation]
  1053 | D:2      | Gained mutation: You have hidden genetic potential. [potion
                  | of mutation]
  1053 | D:2      | Slain by an adder

Illustrated notes

Levels and vault maps discovered:
D:1:      mushboom_english_gardens, layout_basic, corner_web_ring
D:2:      layout_rooms, uniq_crazy_yiuf_cottage, uniq_terence

Skill      XL: |  1  2 |
---------------+-------+-----
Axes           | 2 |  2.1
Armour         | 3 |  3.1
Fighting       | |  3.2
Dodging        | |  0.1
Stealth        | |  0.2
Shields        | |  2.8

Action                   || total
-------------------------++-------
Melee: War axe           ||    65
  Use: Scroll            ||     5
       Potion            ||     1
Armor: Scale mail        ||    38
Dodge: Dodged            ||    38
Block: Buckler           ||    16
